[Event "*** SCC Grand Prix: Titled Tuesday Blitz"]
[Site "Chess.com"]
[Date "2020.07.07"]
[Round "1"]
[White "chesslh19"]
[Black "pedromartinez91"]
[Result "0-1"]
[WhiteElo "2130"]
[BlackElo "2523"]
[TimeControl "180+1"]
[EndTime "10:05:21 PDT"]
[Termination "pedromartinez91 won by resignation"]

1. e4 e6 2. d4 d5 3. Nd2 Nf6 4. e5 Ne4 5. Bd3 Nxd2 6. Bxd2 c5 7. c3 cxd4 8. cxd4 Qb6 9. Bc3 Bd7 10. Ne2 Bb5 11.
O-O Be7 12. Kh1 h5 13. Bc2 Nc6 14. a4 Bxe2 15. Qxe2 a6 16. a5 Qa7 17. Qd3 g6 18. Rad1 Bb4 19. Qd2 Bxc3 20. Qxc3 Rc8 21. Ba4 O-O 22.
h4 Nxe5 23. Qb4 Rc4 24. Qb6 Qxb6 25. axb6 Rxa4 26. dxe5 Rb4 27. Kg1 Rxb6 28. Rd2 Rc8 0-1

[Event "*** SCC Grand Prix: Titled Tuesday Blitz"]
[Site "Chess.com"]
[Date "2020.07.07"]
[Round "1"]
[White "kushagramohan"]
[Black "Gerodot71"]
[Result "1-0"]
[WhiteElo "2704"]
[BlackElo "2377"]
[TimeControl "180+1"]
[EndTime "10:05:22 PDT"]
[Termination "kushagramohan won by resignation"]

1. e4 e5 2. Nf3 Nc6 3. Bb5 a6 4. Ba4 Nf6 5. O-O Be7 6. Re1 b5 7. Bb3 d6 8. c3 O-O 9. d4 Bg4 10. Be3 Re8 11. Nbd2 Bf8 12. h3 Bh5 13. a4 exd4 14.
cxd4 Na5 15. Bc2 c5 16. Bg5 h6 17. Bh4 Be7 18. e5 dxe5 19. dxe5 Nd5 20. Bxe7 Rxe7 21. Qe2 Nb4 22. Be4 Rc8 23. axb5 axb5 24. Qxb5 Nac6 25.
Qxc5 Nd3 26. Bxd3 Qxd3 27. Qd6 Qb5 28. Rac1 Rec7 29. e6 fxe6 30. Rc5 Qb7 31. Rxh5 1-0

[Event "*** SCC Grand Prix: Titled Tuesday Blitz"]
[Site "Chess.com"]
[Date "2020.07.07"]
[Round "1"]
[White "secretsuperstar7"]
[Black "Isajevsky_Anton"]
[Result "0-1"]
[WhiteElo "2119"]
[BlackElo "2511"]
[TimeControl "180+1"]
[EndTime "10:05:22 PDT"]
[Termination "Isajevsky_Anton won by resignation"]

1. d4 d5 2. c4 e6 3. Nc3 Nf6 4. cxd5 exd5 5. Bg5 c6 6. e3 Bf5 7. Qb3 Qb6 8. Nf3 Nbd7 9. Be2 Bd6 10. O-O O-O 11.
Qxb6 axb6 12. a3 b5 13. Nh4 Be6 14. Bd3 Rfe8 15. Nf5 Bc7 16. Rfe1 g6 17. Ng3 Kg7 18. e4 dxe4 19. Ncxe4 Nd5 20. Rac1 Nf4 21. Bxb5 h6 22.
Bxc6 bxc6 23. Rc5 Nxc5 0-1

[Event "*** SCC Grand Prix: Titled Tuesday Blitz"]
[Site "Chess.com"]
[Date "2020.07.07"]
[Round "1"]
[White "rududuyk"]
[Black "Aradej"]
[Result "0-1"]
[WhiteElo "2086"]
[BlackElo "2505"]
[TimeControl "180+1"]
[EndTime "10:05:22 PDT"]
[Termination "Aradej won by resignation"]

1. e4 d6 2. d4 Nf6 3. Nc3 e5 4.
dxe5 dxe5 5. Qxd8+ Kxd8 6. Nf3 Bd6 7. Bg5 Be6 8. O-O-O Nd7 9. Be2 h6 10. Bh4 a6 11. a4 Ke7 12. Nd5+ Kf8 13. Nxf6 gxf6 14.
Bd3 Ke7 15. Rhe1 Rhd8 16. Bg3 Nc5 17. b3 c6 18. Nh4 b5 19. a5 Nxd3+ 20. Rxd3 Bb4 21.
Red1 Rxd3 22. Rxd3 Bxa5 23. f4 Bc7 24. f5 Bd7 25. Bf2 Bd6 26. Rh3 a5 27. Nf3 a4 28.
Rxh6 axb3 29. cxb3 Ra2 30. Bb6 Rxg2 31. Rh8 Be8 32.
h4 Bb4 33. h5 Rg3 34. h6 Rxf3 35. h7 Rh3 36. Kc2 c5 0-1

[Event "*** SCC Grand Prix: Titled Tuesday Blitz"]
[Site "Chess.com"]
[Date "2020.07.07"]
[Round "1"]
[White "reniite"]
[Black "Sanyura"]
[Result "0-1"]
[WhiteElo "1901"]
[BlackElo "2476"]
[TimeControl "180+1"]
[EndTime "10:05:23 PDT"]
[Termination "Sanyura won by checkmate"]

1. e4 c5 2. Nf3 e6 3. d4 cxd4 4.
Nxd4 Nf6 5. Nc3 Nc6 6. Nxc6 bxc6 7. e5 Nd5 8. Ne4 Qc7 9. f4 Qb6 10. c4 Bb4+ 11. Ke2 f5 12. exf6 Nxf6 13. Be3 Qd8 14.
Nd6+ Bxd6 15. Qxd6 c5 16. Qxc5 Ba6 17. b3 Rc8 18. Qxa7 Rc6 19. g3 O-O 20. Bg2 d5 21.
Rad1 Qa5 22. Qd4 Rcc8 23. Kf2 dxc4 24. h3 c3 25. a4 c2 26. Rc1 Rfd8 27. Qe5 Qxe5 28.
fxe5 Nd5 29. Be4 Rf8+ 30. Bf3 Nxe3 31. Kxe3 Rc3+ 32. Kd4 Rfxf3 33. b4 Rfd3+ 34. Ke4 Bb7+ 35. Kf4 Rd4+ 36. Kg5 Rxg3+ 37. Kh5 Bf3# 0-1

[Event "*** SCC Grand Prix: Titled Tuesday Blitz"]
[Site "Chess.com"]
[Date "2020.07.07"]
[Round "1"]
[White "kuli4ik"]
[Black "Djager97"]
[Result "1-0"]
[WhiteElo "2798"]
[BlackElo "2415"]
[TimeControl "180+1"]
[EndTime "10:05:25 PDT"]
[Termination "kuli4ik won by resignation"]

1. Nf3 d5 2. g3 Nf6 3. Bg2 e6 4. O-O Be7 5. b3 O-O 6. Bb2 c5 7. d4 b6 8. dxc5 bxc5 9. c4 Bb7 10. cxd5 exd5 11. Ne5 Nbd7 12. Nd2 Nxe5 13. Bxe5 Rc8 14.
Rc1 Qa5 15. Qc2 Rfd8 16. Rfd1 Ba6 17. Nf3 Qb5 18. e3 c4 19. Nd4 Qe8 20. Nf5 cxb3 21.
Qxb3 Bc4 22. Qb2 Rb8 23. Bxb8 Rxb8 24. Nxe7+ 1-0

[Event "*** SCC Grand Prix: Titled Tuesday Blitz"]
[Site "Chess.com"]
[Date "2020.07.07"]
[Round "1"]
[White "novendrapriasmoro"]
[Black "mjray79"]
[Result "1-0"]
[WhiteElo "2633"]
[BlackElo "2308"]
[TimeControl "180+1"]
[EndTime "10:05:25 PDT"]
[Termination "novendrapriasmoro won by checkmate"]

1. e4 e5 2. Nf3 Nc6 3. Bb5 a6 4.
Bxc6 dxc6 5. O-O Bg4 6. h3 h5 7.
d3 Qf6 8. Be3 Bxf3 9. Qxf3 Qxf3 10. gxf3 f6 11. Nd2 g5 12. c3 Ne7 13. d4 Ng6 14. Rfd1 exd4 15. cxd4 O-O-O 16. Nc4 Nh4 17. f4 gxf4 18. Bxf4 Nf3+ 19. Kh1 Nxd4 20. Rd3 Bc5 21. Rad1 Ne6 22. Be3 Bxe3 23. Nxe3 Rxd3 24. Rxd3 Rd8 25.
Rxd8+ Kxd8 26. Kg2 Kd7 27. Kg3 Kd6 28. f4 Nc5 29.
Kf3 b5 30. Nf5+ Kd7 31. Ng7 Nd3 32. Nxh5 Ke6 33. Ng7+ Kf7 34. Nf5 Nxb2 35. h4 c5 36. h5 c4 37. h6 Kg6 38. e5 fxe5 39.
fxe5 Nd3 40. e6 Ne5+ 41. Ke4 Kf6 42. e7 Kf7 43. Kxe5 b4 44. h7 b3 45. h8=Q b2 46.
Qg7+ Ke8 47. Ke6 b1=Q 48. Qf8# 1-0

[Event "*** SCC Grand Prix: Titled Tuesday Blitz"]
[Site "Chess.com"]
[Date "2020.07.07"]
[Round "1"]
[White "Mikhail_Golubev"]
[Black "YellowJacek"]
[Result "1-0"]
[WhiteElo "2602"]
[BlackElo "2274"]
[TimeControl "180+1"]
[EndTime "10:05:25 PDT"]
[Termination "Mikhail_Golubev won by resignation"]

1. e4 c5 2. Nf3 d6 3. d4 cxd4 4.
Nxd4 Nf6 5. Nc3 g6 6. Be3 Bg7 7. f3 O-O 8. Qd2 Nc6 9. g4 Be6 10.
O-O-O Nxd4 11. Bxd4 Qa5 12. a3 Rab8 13. g5 Nd7 14. Bxg7 Kxg7 15. f4 Rfc8 16. Qd4+ Kg8 17.
f5 gxf5 18. exf5 Qxf5 19. Bd3 Qxg5+ 20. Kb1 Qe5 21. Rhg1+ Kf8 22. Qh4 Nf6 23. Qh6+ Ke8 24. Bb5+ Kd8 25. Qf8+ Kc7 26. Qxe7+ Bd7 27. Qxe5 dxe5 28.
Bxd7 Nxd7 29. Nd5+ Kd8 30. Rg8+ 1-0

[Event "*** SCC Grand Prix: Titled Tuesday Blitz"]
[Site "Chess.com"]
[Date "2020.07.07"]
[Round "1"]
[White "iaraldinho"]
[Black "inegrepus"]
[Result "1-0"]
[WhiteElo "2541"]
[BlackElo "2190"]
[TimeControl "180+1"]
[EndTime "10:05:26 PDT"]
[Termination "iaraldinho won by resignation"]

1. e4 e5 2. Nf3 Nc6 3. d4 exd4 4. Bc4 Nf6 5. O-O Nxe4 6. Re1 d5 7. Bxd5 Qxd5 8. Nc3 Qa5 9. Nxe4 Be6 10. Bd2 Qb5 11.
a4 Qc4 12. b3 Qd5 13. Bg5 Bb4 14.
c3 f5 15. cxb4 fxe4 16. b5 exf3 17. bxc6 Qxg5 18. Qxf3 Ke7 19. cxb7 Rab8 20. Qc6 Qf5 21. Qxc7+ Kf6 22. Rac1 Rhe8 23. Rxe6+ Qxe6 24. Rc6 Rxb7 25. Qxb7 d3 26. Rxe6+ Rxe6 27. Qf3+ Ke7 28. Qxd3 Re1+ 29. Qf1 1-0

[Event "*** SCC Grand Prix: Titled Tuesday Blitz"]
[Site "Chess.com"]
[Date "2020.07.07"]
[Round "1"]
[White "I_Hit_18K_on_BS"]
[Black "TST2014"]
[Result "0-1"]
[WhiteElo "2064"]
[BlackElo "2500"]
[TimeControl "180+1"]
[EndTime "10:05:28 PDT"]
[Termination "TST2014 won by resignation"]

1. e4 c5 2. Nf3 Nc6 3. d4 cxd4 4. Nxd4 Nf6 5. Nc3 d6 6. f3 e5 7. Ndb5 a6 8. Na3 b5 9. Nd5 Nxd5 10. Qxd5 Qc7 11.
Be3 Be6 12. Qd2 Rd8 13. O-O-O d5 14. exd5 Rxd5 15. Qe1 Bb4 16. c3 Bxa3 17. bxa3 O-O 18. Rxd5 Bxd5 19. Qd2 Rd8 20. Bd3 Bc4 21. Bc5 Rxd3 22.
Qc2 Qd7 23. Rd1 Rxd1+ 24. Qxd1 Qxd1+ 25. Kxd1 Bxa2 26. Kc2 f5 27. Kb2 Bc4 28. h3 Bf1 29.
g4 f4 30. h4 Be2 0-1

[Event "*** SCC Grand Prix: Titled Tuesday Blitz"]
[Site "Chess.com"]
[Date "2020.07.07"]
[Round "1"]
[White "djano"]
[Black "MrTattaglia"]
[Result "0-1"]
[WhiteElo "2450"]
[BlackElo "2924"]
[TimeControl "180+1"]
[EndTime "10:05:30 PDT"]
[Termination "MrTattaglia won by resignation"]

1. d4 Nf6 2. Nf3 d5 3. Bf4 c5 4. e3 Nc6 5. Nbd2 e6 6. c3 Bd6 7.
Bg3 O-O 8. Bd3 b6 9. Qe2 Bb7 10. Rd1 Re8 11. e4 Be7 12. e5 Nh5 13. a3 g6 14. Nf1 f5 15. exf6 Bxf6 16. Ne5 cxd4 17. Nxg6 hxg6 18. Bxg6 Ng7 19. Qg4 dxc3 20. bxc3 Ne7 21.
Bxe8 Qxe8 22. Qf3 Nef5 23. Nd2 Ba6 24. c4 Rc8 25. O-O Bxc4 26. Rfe1 Qg6 27. Nxc4 Rxc4 28.
h4 Bxh4 29. Be5 Bf6 30. Bxf6 Qxf6 31. Rxd5 exd5 32. Qxd5+ Qf7 0-1

[Event "*** SCC Grand Prix: Titled Tuesday Blitz"]
[Site "Chess.com"]
[Date "2020.07.07"]
[Round "1"]
[White "TigrVShlyape"]
[Black "Love_craft"]
[Result "1-0"]
[WhiteElo "2898"]
[BlackElo "2444"]
[TimeControl "180+1"]
[EndTime "10:05:30 PDT"]
[Termination "TigrVShlyape won by resignation"]

1. d4 Nf6 2. Nf3 g6 3. c3 Bg7 4. Bf4 O-O 5. Nbd2 d6 6. h3 Nbd7 7. e3 b6 8. a4 a5 9. Bb5 Bb7 10. O-O Ne4 11. Nxe4 Bxe4 12. Nd2 Bb7 13. e4 e5 14. Be3 exd4 15. Bxd4 Nf6 16. Re1 c6 17. Bf1 d5 18. exd5 Qxd5 19. Nc4 Nd7 20. Bxg7 Kxg7 21. Re7 Rad8 22. Ne3 Qc5 23. Rxd7 1-0

[Event "*** SCC Grand Prix: Titled Tuesday Blitz"]
[Site "Chess.com"]
[Date "2020.07.07"]
[Round "1"]
[White "rpragchess"]
[Black "ChronicUnhappiness"]
[Result "1-0"]
[WhiteElo "2812"]
[BlackElo "2423"]
[TimeControl "180+1"]
[EndTime "10:05:30 PDT"]
[Termination "rpragchess won by checkmate"]

1. e4 d6 2. d4 Nf6 3. Nc3 g6 4.
Nf3 Bg7 5. Be2 O-O 6. O-O Nc6 7. d5 Nb8 8. h3 c6 9. a4 b6 10. a5 Bb7 11. Nd4 cxd5 12. a6 Bc6 13. exd5 Bxd5 14. Nxd5 Nxd5 15. Bf3 e6 16. Nxe6 fxe6 17. Bxd5 Nd7 18.
Bxa8 Qxa8 19. Qxd6 Nc5 20. Be3 Rd8 21. Qg3 Bxb2 22. Rad1 Nxa6 23. Bg5 Rxd1 24. Rxd1 Qc6 25. Rd8+ Kg7 26. Qf4 Qc5 27. Bh6# 1-0

[Event "*** SCC Grand Prix: Titled Tuesday Blitz"]
[Site "Chess.com"]
[Date "2020.07.07"]
[Round "1"]
[White "Pultis"]
[Black "joksijoksi"]
[Result "1-0"]
[WhiteElo "2658"]
[BlackElo "2335"]
[TimeControl "180+1"]
[EndTime "10:05:32 PDT"]
[Termination "Pultis won by checkmate"]

1. d4 e6 2. c4 d5 3. Nf3 c6 4. Nbd2 f5 5. g3 Nf6 6. Bg2 Be7 7. O-O O-O 8. Rb1 Ne4 9. Ne5 Nd7 10. Ndf3 Qc7 11.
Qc2 Bd6 12. Bf4 h6 13. b4 g5 14. Nxd7 Bxd7 15. Bxd6 Qxd6 16. Ne5 Kg7 17. a4 h5 18. b5 h4 19. bxc6 Bxc6 20. Qc1 f4 21. Qb2 hxg3 22. Bxe4 gxf2+ 23. Rxf2 dxe4 24. d5 Bxa4 25. Qxb7+ Kf6 26. Ng4+ Kf5 27. Qh7+ Kxg4 28. h3+ Kg3 29. Rg2# 1-0

[Event "*** SCC Grand Prix: Titled Tuesday Blitz"]
[Site "Chess.com"]
[Date "2020.07.07"]
[Round "1"]
[White "grzechu96"]
[Black "InitiatingASC"]
[Result "1-0"]
[WhiteElo "2652"]
[BlackElo "2324"]
[TimeControl "180+1"]
[EndTime "10:05:32 PDT"]
[Termination "grzechu96 won by resignation"]

1. e4 c5 2. Nf3 Nc6 3. Bb5 Nf6 4.
Bxc6 dxc6 5. d3 g6 6. h3 Bg7 7. Nc3 O-O 8. O-O Ne8 9. Be3 b6 10. Qd2 Nc7 11. Bh6 Ne6 12. Nh2 Nd4 13. Bxg7 Kxg7 14.
f4 f5 15. Rae1 Rf7 16. Nf3 Nxf3+ 17. Rxf3 Qd4+ 18. Kh1 c4 19. Rfe3 e6 20. exf5 exf5 21. Re7 Ba6 22. Rxf7+ Kxf7 23. Qe2 Qd7 24. dxc4 Re8 25.
Qxe8+ Qxe8 26. Rxe8 Kxe8 27. b3 Ke7 28. Kg1 Kd6 29.
Kf2 Kc5 30. Ke3 Bc8 31. a3 a5 32. Na4+ Kd6 33. Nxb6 Be6 34. Na4 h6 35. Kd4 g5 36.
g3 Bf7 37. Nc5 Kc7 38. Ke5 1-0

[Event "*** SCC Grand Prix: Titled Tuesday Blitz"]
[Site "Chess.com"]
[Date "2020.07.07"]
[Round "1"]
[White "Revnov"]
[Black "Fischerev7"]
[Result "1-0"]
[WhiteElo "2679"]
[BlackElo "2362"]
[TimeControl "180+1"]
[EndTime "10:05:35 PDT"]
[Termination "Revnov won on time"]

1. e4 c5 2. Nf3 d6 3. d4 cxd4 4. Nxd4 Nf6 5. Nc3 a6 6. Bg5 e6 7.
Qe2 Be7 8. O-O-O Qc7 9. Kb1 Nbd7 10. h4 b5 11. a3 Bb7 12. Rh3 h6 13. Bc1 Ne5 14.
f4 Nc4 15. g4 d5 16. e5 Ne4 17. Nxe4 dxe4 18. Bg2 b4 19. axb4 Bxb4 20. Bxe4 Rb8 21. Nc6 Nxb2 22. Bxb2 Bxc6 23. Qc4 Rb6 24. Rb3 a5 25.
Rd6 Bxd6 26. exd6 1-0

[Event "*** SCC Grand Prix: Titled Tuesday Blitz"]
[Site "Chess.com"]
[Date "2020.07.07"]
[Round "1"]
[White "albi1999"]
[Black "teacher4chess"]
[Result "1-0"]
[WhiteElo "2483"]
[BlackElo "1994"]
[TimeControl "180+1"]
[EndTime "10:05:35 PDT"]
[Termination "albi1999 won on time"]

1. d4 e6 2. c4 b6 3. e4 Bb7 4.
Bd3 f5 5. exf5 Bxg2 6. Qh5+ g6 7. fxg6 Nf6 8. g7+ Nxh5 9. gxh8=Q Bxh1 10. Qxh7 Bb4+ 11. Nc3 Qf6 12. Qxh5+ Kf8 13. Bg5 Qf7 14. Bg6 Qg8 15. O-O-O Nc6 16. Nge2 Bxc3 17. Nxc3 Bg2 18.
Rg1 Nxd4 19. Rxg2 c5 20. Bf6 Rc8 21. Qh6+ 1-0

[Event "*** SCC Grand Prix: Titled Tuesday Blitz"]
[Site "Chess.com"]
[Date "2020.07.07"]
[Round "1"]
[White "metalbattler"]
[Black "Gahan-MG"]
[Result "0-1"]
[WhiteElo "2048"]
[BlackElo "2494"]
[TimeControl "180+1"]
[EndTime "10:05:37 PDT"]
[Termination "Gahan-MG won on time"]

1. d4 Nf6 2. Bf4 d5 3. e3 c5 4. Nc3 cxd4 5. exd4 g6 6. Qd2 Bg7 7. Nf3 Nc6 8. Bh6 Ne4 9. Nxe4 Bxh6 10. Qxh6 dxe4 11.
Qg7 Rf8 12. Ng5 Qxd4 13. Qxd4 Nxd4 14. O-O-O Nc6 15. Nxh7 Rh8 16. Ng5 Bf5 17. Bb5 f6 18. Nh3 Bxh3 19. gxh3 Rxh3 20. Rd4 f5 21. Rhd1 Rxh2 22.
Rd7 a6 23. Ba4 b5 24. Bb3 Rd8 0-1

[Event "*** SCC Grand Prix: Titled Tuesday Blitz"]
[Site "Chess.com"]
[Date "2020.07.07"]
[Round "1"]
[White "Mikasinski"]
[Black "Elshan1985"]
[Result "0-1"]
[WhiteElo "2427"]
[BlackElo "2826"]
[TimeControl "180+1"]
[EndTime "10:05:38 PDT"]
[Termination "Elshan1985 won by resignation"]

1. e4 Nf6 2. e5 Nd5 3. c4 Nb6 4.
d4 d6 5. exd6 cxd6 6. Nc3 g6 7.
Be3 Bg7 8. Rc1 O-O 9. b3 e5 10. dxe5 dxe5 11. c5 N6d7 12. Bc4 Qa5 13. Qd2 Nxc5 14.
Nd5 Qxd2+ 15. Kxd2 Nba6 16. b4 Ne4+ 17. Kd3 Nd6 18.
Bxa6 bxa6 19. Ke2 Bb7 20. Ne7+ Kh8 21. f3 Rfe8 22. Nc6 e4 23. f4 Rac8 24. Nxa7 Rxc1 25. Bxc1 Bd4 26. Be3 Bxe3 27. Kxe3 Nf5+ 28. Kd2 e3+ 0-1

[Event "*** SCC Grand Prix: Titled Tuesday Blitz"]
[Site "Chess.com"]
[Date "2020.07.07"]
[Round "1"]
[White "Oligan22"]
[Black "canary2016"]
[Result "1-0"]
[WhiteElo "2477"]
[BlackElo "1913"]
[TimeControl "180+1"]
[EndTime "10:05:41 PDT"]
[Termination "Oligan22 won by checkmate"]

1. e4 c5 2. Nf3 d6 3. d4 cxd4 4. Nxd4 Nf6 5. Nc3 a6 6. Be3 e5 7.
Nb3 Be6 8. Qd2 Nbd7 9. f3 h5 10. Nd5 Bxd5 11. exd5 g6 12. c4 b6 13. Be2 Bg7 14. O-O O-O 15. f4 exf4 16. Bxf4 Nc5 17.
Bh6 Re8 18. Bxg7 Kxg7 19. Bf3 Re5 20. Nd4 Qe8 21. Rae1 Rxe1 22. Rxe1 Qd7 23. b4 Nb7 24. h3 Re8 25. Nc6 Nd8 26. Qf2 Ng8 27. Qd4+ Nf6 28. Rxe8 Qxe8 29. Qxb6 Nxc6 30. dxc6 Qe1+ 31. Kh2 Qe5+ 32.
Kh1 Qe1+ 33. Qg1 Qxb4 34. Bd5 Ne8 35. Qd4+ f6 36. Qe4 Nc7 37. Qe7+ Kh6 38. Qxf6 Qe1+ 39.
Kh2 Qd2 40. h4 Qxa2 41. Qh8# 1-0

[Event "*** SCC Grand Prix: Titled Tuesday Blitz"]
[Site "Chess.com"]
[Date "2020.07.07"]
[Round "1"]
[White "Indianlad"]
[Black "Fluffey"]
[Result "1-0"]
[WhiteElo "2966"]
[BlackElo "2453"]
[TimeControl "180+1"]
[EndTime "10:05:42 PDT"]
[Termination "Indianlad won by resignation"]

1. d4 f5 2. Bg5 h6 3. Bh4 g5 4. Bg3 Bg7 5. e3 c5 6. Nc3 Nc6 7. d5 Ne5 8. d6 e6 9. Nb5 Kf7 10. Nc7 Rb8 11. c3 Ng6 12. Bd3 h5 13.
h4 gxh4 14. Bh2 Nf6 15. Nf3 Ng4 16. Bf4 Bf6 17. Qb3 Kg7 18. g3 e5 19. Bxf5 exf4 20. gxf4 b5 21. O-O-O c4 22. Qc2 Nf8 23. Rhg1 Bb7 24.
Nh2 b4 25. Nxg4 hxg4 26. Rxg4+ Kh6 27. Rdg1 Bf3 28. Rg6+ Nxg6 29. Rxg6+ Kh5 30. Bh3 1-0

[Event "*** SCC Grand Prix: Titled Tuesday Blitz"]
[Site "Chess.com"]
[Date "2020.07.07"]
[Round "1"]
[White "exoticprincess"]
[Black "FedaMaster"]
[Result "0-1"]
[WhiteElo "2792"]
[BlackElo "2436"]
[TimeControl "180+1"]
[EndTime "10:05:42 PDT"]
[Termination "FedaMaster won by resignation"]

1. d4 Nf6 2. Bg5 c5 3. Bxf6 gxf6 4. d5 f5 5. Nd2 Bg7 6. c3 d6 7. e3 Nd7 8. g3 h5 9. Bg2 h4 10. Ne2 Ne5 11. Nf4 Qb6 12. Qc2 Qa6 13. a3 Bd7 14. O-O-O b5 15. Bf1 Qb6 16. Be2 b4 17. Nh5 Rxh5 18.
Bxh5 bxa3 19. bxa3 Qa5 20. Nb1 Rb8 21. Be2 Ba4 22.
Qxf5 Rxb1+ 23. Kxb1 e6 24. dxe6 Qxc3 25. exf7+ Nxf7 26. Qe6+ Kf8 27. Qa2 Bc2+ 0-1

[Event "*** SCC Grand Prix: Titled Tuesday Blitz"]
[Site "Chess.com"]
[Date "2020.07.07"]
[Round "1"]
[White "SamuelGhimpu2003"]
[Black "dodorox"]
[Result "1-0"]
[WhiteElo "2501"]
[BlackElo "2074"]
[TimeControl "180+1"]
[EndTime "10:05:43 PDT"]
[Termination "SamuelGhimpu2003 won by resignation"]

1. d4 Nf6 2. c4 e6 3. Nc3 d5 4. Nf3 Bb4 5. Bg5 h6 6. Bxf6 Qxf6 7. cxd5 exd5 8. Qa4+ Nc6 9. e3 O-O 10.
Be2 Rd8 11. O-O Bf8 12. Rac1 Ne7 13. Ne5 c6 14. f4 Nf5 15. Nd1 Nd6 16. Nf2 g6 17.
Bd3 Bf5 18. Bxf5 Nxf5 19. Qb3 Rab8 20. Rfe1 Qg7 21. Qa4 a6 22. Rcd1 f6 23. Nf3 Nd6 24. e4 dxe4 25. Nxe4 Nxe4 26. Rxe4 Bd6 27. g3 f5 28. Re6 Bc7 29. Rde1 Rd7 30. Nh4 Bb6 31. Rxg6 Rxd4 32. Qb3+ Kh8 33. Qxb6 1-0

[Event "*** SCC Grand Prix: Titled Tuesday Blitz"]
[Site "Chess.com"]
[Date "2020.07.07"]
[Round "1"]
[White "PowerThinking2650"]
[Black "Witik"]
[Result "0-1"]
[WhiteElo "2318"]
[BlackElo "2643"]
[TimeControl "180+1"]
[EndTime "10:05:44 PDT"]
[Termination "Witik won by checkmate"]

1. e4 c6 2. d4 d5 3. Nc3 dxe4 4. Nxe4 Nf6 5. Nxf6+ exf6 6. c3 Bd6 7. Bd3 O-O 8.
Qc2 Re8+ 9. Ne2 h5 10. Be3 Nd7 11. O-O-O Nf8 12. c4 Be6 13. Nc3 Qa5 14. Kb1 b5 15. c5 b4 16. Na4 Bc7 17. Be4 Bxa2+ 18. Kxa2 Rxe4 19. Qxe4 Qxa4+ 20. Kb1 b3 21. Qd3 Ne6 22. g3 Rd8 23. Qc3 Ba5 24. Qd3 Nxd4 25. Qe4 Qa2+ 26. Kc1 Qa1+ 27. Qb1 Ne2# 0-1

[Event "*** SCC Grand Prix: Titled Tuesday Blitz"]
[Site "Chess.com"]
[Date "2020.07.07"]
[Round "1"]
[White "coalescenet"]
[Black "alexrustemov"]
[Result "0-1"]
[WhiteElo "2387"]
[BlackElo "2716"]
[TimeControl "180+1"]
[EndTime "10:05:45 PDT"]
[Termination "alexrustemov won by resignation"]

1. d4 f5 2. Nc3 Nf6 3. Bg5 d5 4. Bxf6 exf6 5. e3 Be6 6. Nf3 Nc6 7. Bd3 Qd7 8. a3 g6 9. Qe2 Na5 10. Nd2 b6 11. Ba6 c6 12. b4 Nb7 13. Nb3 Nd6 14.
Bd3 Be7 15. Qf3 O-O 16. O-O Ne4 17. Nb1 a5 18. bxa5 bxa5 19. a4 Rfb8 20. Qe2 Bb4 21.
f3 Ng5 22. N1d2 Qa7 23. Qf2 Bc3 24. Ra2 Bf7 25. Nb1 Bb4 26. N1d2 Kg7 27. Rb1 Re8 28. Nf1 Re7 29. Nbd2 Rae8 30. c4 f4 31. exf4 Ne6 32. c5 Nxf4 33. Bc2 Re2 34. Qg3 Rxg2+ 35. Qxg2 Nxg2 36.
Kxg2 Bxd2 0-1

[Event "*** SCC Grand Prix: Titled Tuesday Blitz"]
[Site "Chess.com"]
[Date "2020.07.07"]
[Round "1"]
[White "Natalya_Buksa"]
[Black "Shivagami"]
[Result "1-0"]
[WhiteElo "2552"]
[BlackElo "2202"]
[TimeControl "180+1"]
[EndTime "10:05:45 PDT"]
[Termination "Natalya_Buksa won by resignation"]

1. d4 Nf6 2. Nc3 d5 3. Bf4 c5 4. e3 cxd4 5. exd4 a6 6. Nf3 Nc6 7. Ne5 Bf5 8. g4 Bg6 9. h4 Nb4 10. Rc1 h5 11. Nxg6 fxg6 12. a3 Nc6 13. Bd3 Kf7 14.
gxh5 Rxh5 15. Rg1 Rxh4 16. Bxg6+ Kg8 17. Be3 e5 18. Ne2 exd4 19. Nxd4 Nxd4 20. Bxd4 Qe7+ 21. Kf1 Rd8 22. c3 Qe6 23. Qd3 Rh3 24. Qf5 Qxf5 25.
Bxf5 Rh6 26. Re1 Bd6 27. Re6 Kf7 28. a4 Bf4 29. Rb6 Rd7 30. Bxd7 1-0

[Event "*** SCC Grand Prix: Titled Tuesday Blitz"]
[Site "Chess.com"]
[Date "2020.07.07"]
[Round "1"]
[White "DariaVoit"]
[Black "Klaus1995"]
[Result "1-0"]
[WhiteElo "2473"]
[BlackElo "1860"]
[TimeControl "180+1"]
[EndTime "10:05:45 PDT"]
[Termination "DariaVoit won by resignation"]

1. d4 Nf6 2. Nf3 e6 3. c4 d5 4.
g3 c5 5. cxd5 Nxd5 6. Bg2 Be7 7. O-O O-O 8. e4 Nf6 9. Nc3 Nc6 10. d5 exd5 11. exd5 Nb4 12. Ne5 Bd6 13. Nc4 b6 14. a3 Na6 15. Nb5 Ne8 16. Re1 Nac7 17. Nbxd6 Nxd6 18. Nxd6 Qxd6 19. Bf4 Qg6 20. d6 Ne6 21. d7 Bxd7 22. Bxa8 Nxf4 23. Qxd7 Nh3+ 24.
Qxh3 Rxa8 25. Qd7 f6 26. Qd5+ Kh8 27. Qxa8+ 1-0

[Event "*** SCC Grand Prix: Titled Tuesday Blitz"]
[Site "Chess.com"]
[Date "2020.07.07"]
[Round "1"]
[White "francyIM"]
[Black "fridaywins"]
[Result "1-0"]
[WhiteElo "2606"]
[BlackElo "2276"]
[TimeControl "180+1"]
[EndTime "10:05:47 PDT"]
[Termination "francyIM won by resignation"]

1. d4 Nf6 2. c4 g6 3. g3 Bg7 4. Bg2 O-O 5. Nc3 c6 6. e4 d6 7. Nge2 e5 8. O-O Na6 9. h3 exd4 10. Nxd4 Re8 11. Re1 Nc5 12. Qc2 a5 13. Be3 Qc7 14. Rad1 Bd7 15. f4 Rad8 16. Bf2 Bc8 17. b3 Re7 18. Re2 Rde8 19. Ndb5 cxb5 20. Nxb5 Qb8 21.
Nxd6 Ncxe4 22. Nxe8 Rxe8 23. Bxe4 Nxe4 24. Rxe4 Bxh3 25.
Rxe8+ Qxe8 26. Qd3 Bf6 27. Re1 Qc8 28. Qe4 Be6 29.
Bd4 Bxd4+ 30. Qxd4 h5 31. Kf2 Qc6 32. Re5 a4 33.
Rc5 Qa6 34. b4 a3 35. Ra5 Qc6 36. Ra8+ Bc8 37. Qc5 1-0

[Event "*** SCC Grand Prix: Titled Tuesday Blitz"]
[Site "Chess.com"]
[Date "2020.07.07"]
[Round "1"]
[White "PavelShkapenko"]
[Black "allvim"]
[Result "1-0"]
[WhiteElo "2596"]
[BlackElo "2265"]
[TimeControl "180+1"]
[EndTime "10:05:47 PDT"]
[Termination "PavelShkapenko won by resignation"]

1. e4 c5 2. c3 d5 3. exd5 Qxd5 4. Nf3 Nc6 5. d4 Bg4 6. Be2 Nf6 7. h3 Bh5 8. c4 Qd8 9. d5 Bxf3 10. Bxf3 Nd4 11. Be3 Nxf3+ 12. Qxf3 Rc8 13. O-O g6 14. Bf4 Bg7 15.
Be5 O-O 16. Nc3 Nd7 17. Bxg7 Kxg7 18. Rfe1 Re8 19. Ne4 Qc7 20. Re2 Ne5 21. Qc3 f6 22. Rae1 h6 23. Nd2 Rcd8 24. Nf3 Nf7 25. Re6 Rd6 26. Nh4 Rxe6 27. Rxe6 Ng5 28. Qd3 Nxe6 29. Qxg6+ Kh8 30. Qxe8+ Kg7 1-0

[Event "*** SCC Grand Prix: Titled Tuesday Blitz"]
[Site "Chess.com"]
[Date "2020.07.07"]
[Round "1"]
[White "Colchonero64"]
[Black "Siniauski"]
[Result "1-0"]
[WhiteElo "2969"]
[BlackElo "2456"]
[TimeControl "180+1"]
[EndTime "10:05:48 PDT"]
[Termination "Colchonero64 won by resignation"]

1. e4 e6 2. d4 d5 3. Bd3 dxe4 4. Bxe4 Nf6 5. Bf3 c5 6. Ne2 Nbd7 7. Nbc3 a6 8. d5 exd5 9. Nxd5 Nxd5 10. Bxd5 Be7 11. O-O O-O 12. Ng3 Nf6 13. Bf3 Qc7 14. c3 Be6 15. Re1 Rad8 16. Qc2 Rd7 17. Nf5 Bxf5 18. Qxf5 Rfd8 19. Bf4 Qb6 20. Rab1 c4 21. Be3 Qc7 22. Bd4 b5 23. g3 b4 24. Re2 Nd5 25. Rbe1 Bf8 26.
Re8 Rxe8 27. Rxe8 Re7 28. Rxf8+ Kxf8 29. Bxd5 Qd6 30. Bxf7 g6 31. Bxg6+ Kg8 32. Qc8+ 1-0